AoeStats
← Jupi-yoo

Black Forest

510379653Analyzed
2v2 RM · 11h ago on Sep 30, 2026· 72m 46s· 4 players
Game mode
Random Map
Map size
Medium (4 player)
Population
200
Speed
Normal
Resources
Standard
Victory
Conquest
Starting age
Dark Age
Ending age
Imperial Age
RankedLock teamsTeams togetherTeam positionsShared explorationLock speedFull tech treeHidden civsTurbo modeCheats
Victory
Defeat
🇫🇷 Vietnamese · France
653
+15
🇫🇷 Japanese · France
625
+16
637
-17
🇷🇴 Britons · Romania
603
-30
Reformed Ardiles Adevartu
5:13 Loom
10:14 Feudal Age
12:28 Wheelbarrow
17:55 Castle Age
16:22 Double-Bit Axe
16:49 Horse Collar
20:01 Wheelbarrow
20:38 Stone Mining
21:32 Gold Mining
22:00 Bow Saw
23:58 Heavy Plow
25:34 Hand Cart
32:42 Imperial Age
32:27 Scale Barding Armor
32:33 Forging
32:41 Bloodlines
33:09 Husbandry
32:49 Cavalier
34:29 Paladin
40:37 Chain Barding Armor
40:52 Iron Casting
44:33 Plate Barding Armor
Ceafa de Porc
11:06 Feudal Age
12:58 Wheelbarrow
22:35 Castle Age
23:11 Fletching
23:23 Padded Archer Armor
23:52 Hand Cart
31:14 Scale Barding Armor
36:28 Imperial Age
45:19 Cavalier
47:06 Town Watch
52:41 Elite Longbowman
53:41 Yeomen
52:42 Elite Longbowman
53:43 Yeomen
52:48 Elite Longbowman
53:49 Yeomen
53:30 Warwolf
54:38 Husbandry
56:00 Coinage
56:50 Caravan
Jupi-yoo
3:04 Loom
13:06 Feudal Age
14:51 Man-at-Arms
15:17 Arson
18:24 Double-Bit Axe
19:33 Horse Collar
25:17 Castle Age
23:50 Forging
25:15 Fletching
25:43 Scale Mail Armor
25:44 Padded Archer Armor
25:43 Gold Mining
26:05 Crossbowman
26:58 Thumb Ring
28:23 Stone Mining
29:01 Bow Saw
29:44 Gold Shaft Mining
30:33 Town Watch
31:24 Wheelbarrow
31:17 Squires
31:38 Heavy Plow
36:11 Imperial Age
35:00 Iron Casting
36:25 Town Patrol
36:41 Hand Cart
37:22 Conscription
38:40 Blast Furnace
37:57 Chain Mail Armor
38:21 Bodkin Arrow
39:08 Arbalester
42:01 Kataparuto
42:21 Bracer
44:20 Plate Mail Armor
44:06 Leather Archer Armor
46:56 Ring Archer Armor
48:15 Two-Man Saw
46:52 Elite Samurai
49:24 Chemistry
54:43 Caravan
55:14 Coinage
62:22 Banking
Mich_LDDG
0:27 Loom
2:55 Loom
11:41 Feudal Age
12:27 Gold Mining
13:45 Horse Collar
13:55 Double-Bit Axe
16:00 Stone Mining
19:00 Town Watch
21:27 Wheelbarrow
24:11 Castle Age
25:05 Crossbowman
26:57 Stone Shaft Mining
26:31 Heavy Plow
26:47 Bow Saw
28:29 Husbandry
28:26 Fletching
28:37 Padded Archer Armor
28:48 Scale Barding Armor
30:15 Hand Cart
31:39 Thumb Ring
33:42 Chain Barding Armor
33:33 Forging
33:19 Bodkin Arrow
38:57 Imperial Age
36:57 Bloodlines
39:45 Squires
41:30 Chatras
47:51 Bracer
48:06 Leather Archer Armor
48:55 Chemistry
53:54 Iron Casting
60:33 Two-Man Saw
60:12 Crop Rotation
65:40 Hoardings
69:23 Arbalester
71:55 Plate Barding Armor
Connection lost

Rejoining the realm…

Still unreachable

The connection could not be restored.

Session expired

The server has moved on; the page needs a fresh start.